 Dungeon Crawl Stone Soup version 0.28.0-1-gb440e238dd (webtiles) character file.

Game seed: 9132847550162363367

140 Crownlay the Grasshopper (level 5, 0/22 HPs)
             Began as a Felid Warper on Feb 20, 2022.
             Slain by an ufetubus (3 damage)
             ... on level 3 of the Dungeon.
             The game lasted 00:07:05 (4177 turns).

Crownlay the Grasshopper (Felid Warper)             Turns: 4177, Time: 00:07:05

Health: 0/22       AC:  1    Str:  7    XL:     5   Next: 2%
Magic:  9/9        EV: 18    Int: 15    God:
Gold:   34         SH:  0    Dex: 17    Spells: 2/9 levels left
                                        Lives:  0   Deaths: 1

rFire   . . .      SeeInvis +     - Unarmed
rCold   . . .      Faith    .   (shield unavailable)
rNeg    . . .      Spirit   .   (armour unavailable)
rPois   .          Reflect  .   (helmet unavailable)
rElec   .          Harm     .   (cloak unavailable)
rCorr   .          Rampage  .   (gloves unavailable)
Will    .....                   (boots unavailable)
Stlth   ++........              (no amulet)
HPRegen 0.07/turn               (no ring)
MPRegen 0.11/turn               (no ring)

@: quick
A: very small, claws 1, fangs 3, see invisible, speed 1, shaggy fur 1, stealthy
paws, no weapons or thrown items, no armour, multi-lived
a: no special abilities


You were on level 3 of the Dungeon.
You visited 1 branch of the dungeon, and saw 3 of its levels.

You collected 60 gold pieces.
You spent 26 gold pieces at shops.

Inventory:

Scrolls
 a - a scroll of blinking
 b - a scroll of immolation
 c - 5 scrolls of identify
 e - a scroll of fear {unknown}
Potions
 d - a potion of haste {unknown}


   Skills:
 - Level 2.0 Fighting
 + Level 4.1 Dodging
 + Level 2.4 Stealth
 * Level 3.4 Unarmed Combat
 * Level 2.5 Spellcasting
 * Level 6.0 Translocations


You had 2 spell levels left.
You knew the following spells:

 Your Spells              Type           Power      Damage    Failure   Level
a - Blink                 Tloc           40%        N/A       2%          2
b - Manifold Assault      Tloc           20%        N/A       43%         5

Your spell library contained the following spells:

 Spells                   Type           Power      Damage    Failure   Level
 Gell's Gravitas          Tloc           20%        N/A       5%          3
 Lesser Beckoning         Tloc           20%        N/A       5%          3
 Teleport Other           Tloc           20%        N/A       5%          3


Dungeon Overview and Level Annotations

Branches:
Dungeon (3/15)

Altars:

Shops:
D:2 *


Innate Abilities, Weirdness & Mutations

You have sharp claws.
You have razor-sharp teeth.
You have supernaturally acute eyesight. (SInv)
You cover ground quickly. (Speed+)
You are covered in fur. (AC +1)
Your paws help you pounce on unaware monsters.
You are incapable of wielding weapons or throwing items.
You cannot wear armour.
You gain extra lives every three experience levels.


Message History

A bat comes into view.
The ufetubus hits you. The ufetubus misses you.
You barely miss the ufetubus. The ufetubus closely misses you.
The ufetubus barely misses you.
An orc comes into view. It is wielding a +0 club.
The orc throws a boomerang.
The boomerang completely misses you.
You miss the ufetubus. Your claw misses the ufetubus.
The ufetubus closely misses you. x4
You scratch the ufetubus.
The ufetubus is heavily wounded.
The ufetubus closely misses you. x2
You scratch the ufetubus but do no damage.
Your claw misses the ufetubus. Your bite misses the ufetubus.
The ufetubus is heavily wounded.
The ufetubus misses you. The ufetubus hits you.
The ufetubus closely misses you. The ufetubus misses you.
The ufetubus hits you. x2
The bat misses you.
You closely miss the ufetubus.
The ufetubus is moderately wounded.
A bat comes into view.
The ufetubus completely misses you. The ufetubus hits you.
* * * LOW HITPOINT WARNING * * *
The ufetubus barely misses you. The ufetubus completely misses you.
You miss the ufetubus.
The ufetubus is lightly wounded.
The bat misses you. The bat hits you.
* * * LOW HITPOINT WARNING * * *
The ufetubus completely misses you. The ufetubus closely misses you.
You scratch the ufetubus.
The ufetubus is severely wounded.
The bat misses you. The ufetubus barely misses you. The ufetubus misses you.
The ufetubus hits you.
* * * LOW HITPOINT WARNING * * *
The ufetubus misses you.
You barely miss the ufetubus. Your bite misses the ufetubus.
The ufetubus is severely wounded.
The bat barely misses you. The bat hits you but does no damage.
The ufetubus hits you.
You die...

##.##.# #..##.# ....<##
#..##?# ..<....# #..##.#
#### .........#
##..##.##...#
#........###.b>........#.#
#........#.r..or.o.......#
#.#...#..#5######.#.#.....
.....#..#@#### #.#># ####
#..#..(b...###.#b#
#...>..........#.# .
###....##.##.#####.# ####
..##.......#....# .# #...
..........#..### .# #.##
##.......#..# ###...###..#
#...# #..#


You could see an ufetubus, a bat and a rat.

Vanquished Creatures
  Terence (D:2)
  5 adders
  3 gnolls (D:3)
  2 worms
  2 dart slugs
  3 orcs (D:3)
  2 ball pythons
  4 endoplasms
  3 giant cockroaches
  6 goblins
  5 hobgoblins
  8 jackals
  2 quokkas
  6 bats
  A frilled lizard (D:2)
  9 kobolds
  8 rats
70 creatures vanquished.

Vanquished Creatures (others)
  3 fungi (D:3)
3 creatures vanquished.

Grand Total: 73 creatures vanquished

Notes
Turn   | Place    | Note
-------+----------+-------------------------------------------
     0 | D:1      | Crownlay the Felid Warper began the quest for the Orb.
     0 | D:1      | Reached XP level 1. HP: 9/9 MP: 4/4
   274 | D:1      | Reached XP level 2. HP: 6/13 MP: 6/6
  1094 | D:1      | Reached skill level 5 in Translocations
  1099 | D:1      | Reached skill level 1 in Stealth
  1253 | D:1      | Reached XP level 3. HP: 8/16 MP: 7/7
  2456 | D:2      | Found Cossib's General Store.
  2461 | D:2      | Bought a scroll of identify for 26 gold pieces
  2800 | D:2      | Reached XP level 4. HP: 13/19 MP: 8/8
  2932 | D:2      | Noticed Terence
  2943 | D:2      | Slain by Terence
  2944 | D:2      | Reached XP level 3. HP: -3/16 MP: 7/7
  2947 | D:2      | Learned a level 2 spell: Blink
  3125 | D:2      | Killed Terence
  3149 | D:3      | Reached XP level 4. HP: 19/19 MP: 8/8
  3812 | D:3      | Reached skill level 6 in Translocations
  3824 | D:3      | Reached XP level 5. HP: 2/22 MP: 9/9
  4128 | D:3      | Learned a level 5 spell: Manifold Assault
  4177 | D:3      | Slain by an ufetubus

Illustrated notes

Levels and vault maps discovered:
D:1:      scummos_arrival_forest, layout_loops_corners, grunt_decor_one_mirror,
          minmay_small_reverse_x
D:2:      layout_basic, serial_shops, nicolae_shop_hallway_plus, uniq_terence
D:3:      layout_loops_ring, kennysheep_orc_chapel, uniq_crazy_yiuf_cottage

Skill      XL: |  1  2  3  4 |
---------------+-------------+-----
Translocations | 5 6 |  6.0
Stealth        | 1 2 |  2.4
Unarmed Combat | 3 |  3.4
Dodging        | 4 |  4.1
Fighting       | |  2.0
Spellcasting   | |  2.5

Action                   |  1- 3 |  4- 6 || total
-------------------------+-------+-------++-------
Melee: Unarmed           |   127 |   117 ||   244
       Punch             |     5 |     6 ||    11
       Bite              |    10 |     7 ||    17
  Use: Potion            |     1 |     1 ||     2
       Scroll            |       |     2 ||     2
 Stab: Sleeping          |    10 |     1 ||    11
Armor: Skin              |     2 |     2 ||     4
Dodge: Dodged            |    83 |   111 ||   194
